 Dungeon Crawl Stone Soup version 0.28.0-53-g5a82cb258f (webtiles) character file.

Game seed: 15913742329208579186

158 safid the Digger (level 5, -2/31 HPs)
             Began as a Gargoyle Earth Elementalist on Sept 1, 2022.
             Killed from afar by an orc wizard (10 damage)
             ... with a puff of flame
             ... on level 4 of the Dungeon.
             The game lasted 00:04:00 (4236 turns).

safid the Digger (Gargoyle Earth Elementalist)      Turns: 4236, Time: 00:04:01

Health: -2/31      AC:  7    Str: 11    XL:     5   Next: 39%
Magic:  6/9        EV: 12    Int: 18    God:
Gold:   163        SH:  0    Dex: 16    Spells: 9/10 levels left

rFire   . . .      SeeInvis .   g - +0 dagger
rCold   . . .      Faith    .   (no shield)
rNeg    + . .      Spirit   .   b - +0 robe
rPois   ∞          Reflect  .   (no helmet)
rElec   +          Harm     .   (no cloak)
rCorr   +          Rampage  .   (no gloves)
Will    .....                   f - +0 pair of boots
Stlth   ++........              (no amulet)
HPRegen 0.10/turn               t - +6 ring of dexterity
MPRegen 0.11/turn               u - ring of resist corrosion

@: no status effects
A: sickness immunity, AC +4, negative energy resistance 1, electricity
resistance, torment resistance 1, petrification resistance
a: no special abilities


You were on level 4 of the Dungeon.
You visited 1 branch of the dungeon, and saw 4 of its levels.

You collected 163 gold pieces.

Inventory:

Hand Weapons
 g - a +0 dagger (weapon)
 x - the +2 hunting sling of the Jester {venom, rF+ Will++}
   (You found it on level 4 of the Dungeon)

   Any ammunition fired from it poisons the flesh of those it strikes.
   rF:        It protects you from fire.
   Will:      It greatly increases your willpower.
Missiles
 a - 4 javelins (quivered)
 c - 13 stones
Armour
 b - a +0 robe (worn)
 f - a +0 pair of boots (worn)
Jewellery
 t - a +6 ring of dexterity (left hand)
 u - a ring of resist corrosion (right hand)
Scrolls
 e - 2 scrolls of fear {unknown}
 h - 2 scrolls of teleportation {unknown}
 j - a scroll of vulnerability {unknown}
 l - a scroll of amnesia {unknown}
 m - 3 scrolls of identify {unknown}
 v - a scroll of noise {unknown}
 w - a scroll of magic mapping {unknown}
Potions
 d - 3 potions of heal wounds {unknown}
 i - a potion of mutation {unknown}
 k - a potion of invisibility {unknown}
 n - a potion of brilliance {unknown}
 o - a potion of flight {unknown}
 p - a potion of curing {unknown}
 q - 2 potions of lignification {unknown}
 r - a potion of might {unknown}
 s - a potion of haste {unknown}


   Skills:
 + Level 2.7 Fighting
 - Level 2.0 Dodging
 - Level 2.1 Stealth
 + Level 3.1 Spellcasting
 - Level 1.0 Transmutations
 + Level 4.9 Earth Magic


You had 9 spell levels left.
You knew the following spells:

 Your Spells              Type           Power      Damage    Failure   Level
a - Sandblast             Erth           40%        2d10      1%          1

Your spell library contained the following spells:

 Spells                   Type           Power      Damage    Failure   Level
 Passwall                 Tmut/Erth      10%        N/A       7%          2
 Beastly Appendage        Tmut           12%        N/A       11%         1
 Slow                     Hex            8%         N/A       16%         1
 Wereblood                Tmut           6%         N/A       16%         2
 Stone Arrow              Conj/Erth      22%        3d8       17%         3
 Spider Form              Tmut/Pois      4%         N/A       36%         3
 Confusing Touch          Hex            2%         N/A       43%         3
 Vampiric Draining        Necr           2%         2d6       43%         3
 Petrify                  Tmut/Erth      13%        N/A       43%         4
 Fireball                 Conj/Fire      1%         3d3       99%         5
 Starburst                Conj/Fire      1%         6d3       100%        6
 Ignition                 Fire           1%         3d3       100%        8


Dungeon Overview and Level Annotations

Branches:
Dungeon (4/15)
 Temple: D:4-7

Altars:
Trog


Innate Abilities, Weirdness & Mutations

You are immune to sickness and miasma.
Your stone body is resilient. (AC +4)
You are immune to poison.
You resist negative energy. (rN+)
You are resistant to electric shocks. (rElec)
You are resistant to unholy torment.
You are immune to petrification.


Message History

Casting: Sandblast (safe; 1% risk of failure)
Confirm with . or Enter, or press ? or * to list all spells.
Aiming: Sandblast (safe; 1% risk of failure)
Press: ? - help, Shift-Dir - straight line, f/p - ice beast
Aim: an ice beast (moderately wounded, 81% to hit)
The blast of sand misses the ice beast.
c - 14 stones Something hits you.
The ice beast hits you. The ice beast freezes you!
Something hits you but does no damage.
Casting: Sandblast (safe; 1% risk of failure)
Confirm with . or Enter, or press ? or * to list all spells.
Aiming: Sandblast (safe; 1% risk of failure)
Press: ? - help, Shift-Dir - straight line, f/p - ice beast
Aim: an ice beast (moderately wounded, 81% to hit)
The blast of sand hits the ice beast.
The ice beast is moderately wounded.
c - 13 stones Something hits you.
The ice beast barely misses you. Something hits you but does no damage.
Something hits you but does no damage.
You hear some strange, mumbled words.
You are confused.
You bump into the rock wall.
The ice beast hits you but does no damage.
You barely miss something.
The ice beast hits you but does no damage.
Something hits you.
* * * LOW HITPOINT WARNING * * *
You barely miss the ice beast.
The ice beast is moderately wounded.
Something barely misses you. The ice beast closely misses you.
You bump into the rock wall.
You feel less confused. Something hits you.
* * * LOW HITPOINT WARNING * * *
The ice beast misses you.
You hear some strange, mumbled words.
A puff of flame appears from out of thin air!
The puff of flame hits you!
You die...

.#...# #.#...........#
.#...###.#.#.........########
.......................?...>.
##...###.............#.......
...............####.# .......
###..###...#...# #.# .......
# #..# #...#...####.##.......
# #..# #.......#.##..........
# #..# #........@{o..........
###..###........#Y..###......
................#...# ####.
##...####.....#.#.#...
......# #.#..).###....#
##....# #...#.. ..#...
##....# #....#. ..#.....
###..## ..# ### .#####..
###).##


You could see an ice beast and an orc.

Vanquished Creatures
  A phantom (D:3)
  A gnoll (D:1)
  An adder (D:2)
  A worm (D:2)
  2 dart slugs
  2 ball pythons
  5 endoplasms
  3 giant cockroaches
  6 goblins
  6 hobgoblins
  4 quokkas
  7 bats
  9 frilled lizards
  3 kobolds
  8 rats
59 creatures vanquished.

Notes
Turn   | Place    | Note
-------+----------+-------------------------------------------
     0 | D:1      | safid the Gargoyle Earth Elementalist began the quest for
                  | the Orb.
     0 | D:1      | Reached XP level 1. HP: 10/10 MP: 3/3
   442 | D:1      | Reached skill level 1 in Transmutations
   442 | D:1      | Reached XP level 2. HP: 15/16 MP: 5/5
  1141 | D:1      | Reached skill level 1 in Fighting
  1141 | D:1      | Reached skill level 4 in Earth Magic
  1141 | D:1      | Reached XP level 3. HP: 15/20 MP: 2/6
  2275 | D:2      | Found a bloodstained altar of Trog.
  2775 | D:2      | Reached XP level 4. HP: 26/26 MP: 5/7
  2926 | D:3      | Found a faded altar of an unknown god.
  3102 | D:3      | Noticed a phantom
  3110 | D:3      | Killed a phantom
  3111 | D:3      | Reached XP level 5. HP: 19/31 MP: 0/9
  4213 | D:4      | Identified the +2 hunting sling of the Jester {venom, rF+
                  | Will++}
  4219 | D:4      | Noticed an ice beast
  4236 | D:4      | Killed from afar by an orc wizard

Illustrated notes

Levels and vault maps discovered:
D:1:      wander_arrival_abandoned_jail, layout_loops_ring, chequers_arboretum,
          nrook_campfire
D:2:      layout_basic, basic_altar, minmay_misc_feat_plants, dk_vineyard_2
D:3:      layout_basic, nicolae_ecumenical_oubliette, grunt_ministairs_1
D:4:      layout_basic, chei_slow_surprise, minmay_temple_entry_arrows,
          hellmonk_ghost_happy_afterlife

Skill      XL: |  1  2  3  4 |
---------------+-------------+-----
Transmutations | 1 |  1.0
Fighting       | 1 2 |  2.7
Earth Magic    | 4 |  4.9
Dodging        | 2 |  2.0
Spellcasting   | 3 |  3.1
Stealth        | |  2.1

Action                   |  1- 3 |  4- 6 || total
-------------------------+-------+-------++-------
Melee: Unarmed           |    67 |       ||    67
       Punch             |     3 |       ||     3
       Dagger            |    85 |   130 ||   215
 Cast: Sandblast         |    17 |    16 ||    33
 Stab: Sleeping          |     4 |     2 ||     6
Armor: Robe              |    47 |    63 ||   110
Dodge: Dodged            |    94 |   100 ||   194
